 Dungeon Crawl Stone Soup version 0.30.1-11-g7821555f0a (webtiles) character file.

Game seed: 6559023659053085446

242 ChrisAssaf the Grave Robber (level 6, -5/43 HPs)
             Began as a Human Necromancer on Dec 19, 2023.
             Was an Initiate of Makhleb.
             Killed from afar by an orc wizard (6 damage)
             ... with a magic dart
             ... on level 4 of the Dungeon.
             The game lasted 00:09:13 (1570 turns).

ChrisAssaf the Grave Robber (Human Necromancer)     Turns: 1570, Time: 00:09:13

Health: -5/43      AC:  3    Str:  8    XL:     6   Next: 31%
Magic:  1/10       EV: 12    Int: 18    God:    Makhleb [......]
Gold:   77         SH:  0    Dex: 13    Spells: 1/10 levels left

rFire   . . .        b - +4 short sword
rCold   . . .        (no shield)
rNeg    . . .        a - +1 robe
rPois   .            (no helmet)
rElec   .            (no cloak)
rCorr   .            (no gloves)
SInv    .            (no boots)
Will    .....        (no amulet)
Stlth   +            (no ring)
HPRegen 0.27/turn    (no ring)
MPRegen 0.12/turn

%: no passive effects
@: confused
A: no striking features
a: Renounce Religion


You were on level 4 of the Dungeon.
You worshipped Makhleb.
Makhleb was noncommittal.
You visited 1 branch of the dungeon, and saw 4 of its levels.

You collected 77 gold pieces.

Inventory:

Hand Weapons
 b - a +4 short sword (weapon)
Missiles
 d - 8 boomerangs (quivered)
Armour
 a - a +1 robe (worn)
Scrolls
 h - a scroll of noise
Potions
 e - 2 potions of attraction


   Skills:
 * Level 1.2 Fighting
 * Level 1.3 Short Blades
 * Level 1.4 Throwing
 * Level 1.4 Armour
 * Level 2.6 Dodging
 * Level 2.5 Stealth
 * Level 2.8 Spellcasting
 * Level 1.1 Summonings
 * Level 5.0 Necromancy
 * Level 0.2 Invocations


You had one spell level left.
You knew the following spells:

 Your Spells              Type           Power      Damage    Failure   Level
a - Necrotise             Necr           80%        1d8       2%          1
b - Vampiric Draining     Necr           20%        2d7       6%          3
c - Summon Small Mammal   Summ           24%        N/A       11%         1
d - Animate Dead          Necr           20%        N/A       22%         4

Your spell library contained the following spells:

 Spells                   Type           Power      Damage    Failure   Level
 Call Canine Familiar     Summ           6%         N/A       32%         3
 Summon Guardian Golem    Hex/Summ       4%         N/A       36%         3
 Agony                    Necr           20%        N/A       52%         5


Dungeon Overview and Level Annotations

Branches:
Dungeon (4/15)
 Temple: D:4-7

Altars:
Kikubaaqudgha
Makhleb
Okawaru
Wu Jian


Message History

* * * LOW HITPOINT WARNING * * *
You're too confused to cast spells.
Okay, then.
You're too confused to move!
The orc wizard closely misses you.
You closely miss the orc wizard.
The orc wizard is severely wounded.
You feel less confused.
You hit the orc wizard.
The orc wizard is almost dead.
The orc wizard casts a spell at you. The magic dart hits you.
* * * LOW HITPOINT WARNING * * *
Casting: Vampiric Draining (dangerous; 7% risk of failure)
Confirm with . or Enter, or press ? or * to list all spells.
Aiming: Necrotise (safe; 2% risk of failure)
Press: ? - help, Shift-Dir - straight line, f - orc wizard
Aim: an orc wizard, wielding a +0 dagger and wearing a +0 robe (almost dead, chance to affect: 78%)
The orc wizard writhes in agony!
You kill the orc wizard!
Makhleb accepts your kill.
The dead are walking!
Your Necromancy skill increases to level 5!
Okay, then.
Okay, then.
Something hits you but does no damage. Something hits you.
* * * LOW HITPOINT WARNING * * *
Something hits you.
* * * LOW HITPOINT WARNING * * *
A magic dart appears from out of thin air!
The magic dart hits you.
* * * LOW HITPOINT WARNING * * *
You hear some strange, mumbled words.
You are confused.
Your orc wizard skeleton hits the orc.
You're too confused to move!
The orc barely misses your orc wizard skeleton.
A magic dart appears from out of thin air!
The magic dart hits you.
You die...

#................#
#.##############.#############
#.# #.(...........# #.#
############### #.# #.# #####
##.####################......
...................{oZ)......
##.#####........@######.)....
##.######.##.....## .....
......##...##.....# ....
...####.....##....# ...
.#####)......#....# ..
.###....._........# .
.#...#.......#....##
.#...##.....##.....###########
.#....##...##....#...##†.....#


You could see an orc (distracted, ally target) and a friendly orc wizard
skeleton.

Vanquished Creatures
  A scorpion (D:4)
  A hound (D:4)
  A sleepcap (D:4)
  2 orc wizards (D:4)
  A gnoll (D:3)
  An adder (D:2)
  A worm (D:3)
  A dart slug (D:1)
  An orc (D:4)
  5 ball pythons
  3 bats
  3 endoplasms
  2 giant cockroaches (D:4)
  3 goblins
  5 hobgoblins
  7 jackals
  5 kobolds
  2 quokkas
  2 frilled lizards
  4 rats
51 creatures vanquished.

Vanquished Creatures (collateral kills)
  A ball python (D:1)
  A bat (D:3)
  A rat (D:3)
3 creatures vanquished.

Grand Total: 54 creatures vanquished

Notes
Turn   | Place    | Note
-------+----------+-------------------------------------------
     0 | D:1      | ChrisAssaf the Human Necromancer began the quest for the
                  | Orb.
     0 | D:1      | Reached XP level 1. HP: 13/13 MP: 3/3
     4 | D:1      | Noticed a demigod
     4 | D:1      | Noticed an armataur
     6 | D:1      | Noticed a meteoran
     6 | D:1      | Noticed a merfolk
     8 | D:1      | Noticed a naga
     8 | D:1      | Noticed a formicid
    10 | D:1      | Noticed a troll
    10 | D:1      | Noticed a demonspawn
    12 | D:1      | Noticed an ogre
    12 | D:1      | Noticed a gargoyle
    14 | D:1      | Noticed a draconian
    14 | D:1      | Noticed a minotaur
    16 | D:1      | Noticed an octopode
    16 | D:1      | Noticed a spriggan
    18 | D:1      | Noticed an elf
    18 | D:1      | Noticed a tengu
    20 | D:1      | Noticed a felid
    20 | D:1      | Noticed a vine stalker
    22 | D:1      | Noticed a human
    24 | D:1      | Noticed a ghoul
    26 | D:1      | Noticed a spriggan
    26 | D:1      | Noticed a vampire
    28 | D:1      | Noticed a gargoyle
    28 | D:1      | Noticed an octopode
    64 | D:1      | Reached XP level 2. HP: 16/19 MP: 3/5
   262 | D:2      | Reached XP level 3. HP: 24/24 MP: 3/6
   269 | D:2      | Learned a level 3 spell: Vampiric Draining
   470 | D:3      | Found an ancient bone altar of Kikubaaqudgha.
   709 | D:3      | Found an ornate altar of the Wu Jian Council.
   739 | D:3      | Learned a level 1 spell: Summon Small Mammal
   877 | D:3      | Reached XP level 4. HP: 17/31 MP: 0/7
   985 | D:2      | Reached skill level 1 in Armour
  1085 | D:3      | Found an iron altar of Okawaru.
  1117 | D:4      | Noticed a scorpion
  1120 | D:4      | Killed a scorpion
  1121 | D:4      | Reached skill level 1 in Short Blades
  1121 | D:4      | Reached skill level 1 in Throwing
  1121 | D:4      | Reached XP level 5. HP: 36/36 MP: 3/8
  1202 | D:4      | Found a burning altar of Makhleb.
  1228 | D:4      | Became a worshipper of Makhleb the Destroyer
  1275 | D:4      | Reached skill level 1 in Fighting
  1336 | D:4      | Reached XP level 6. HP: 35/43 MP: 2/9
  1341 | D:4      | Learned a level 4 spell: Animate Dead
  1535 | D:4      | Reached skill level 1 in Summonings
  1566 | D:4      | Reached skill level 5 in Necromancy
  1568 | D:4      | HP: 1/43 [something/magic dart (3)]
  1570 | D:4      | Killed from afar by an orc wizard

Illustrated notes

Levels and vault maps discovered:
D:1:      kb_arrival_jail, layout_loops_ring, serial_shops,
          nicolae_shop_drivethru, minmay_misc_feat_doors,
          chequers_serial_rivers_small_a
D:2:      layout_loops_ring, shapermc_ecumenical_altar_mp_highgroup,
          serial_forest, infiniplex_forest_straight_2, infiniplex_forest_end_2,
          infiniplex_forest_lined_3_way, infiniplex_forest_lined_corner,
          infiniplex_forest_clump_diagonal, infiniplex_forest_straight_4,
          infiniplex_forest_join, infiniplex_forest_end_1,
          infiniplex_forest_clump_diagonal, infiniplex_forest_end_1,
          minmay_misc_feat_plants
D:3:      layout_basic, mainiacjoe_overflow_alcove_4, okawaru_trees_1,
          nicolae_wu_jian_wuxing_cycle, serial_corexii_hall,
          corexii_hall_statues_u, chequers_hall_statues_corner_a,
          chequers_hall_statues_y, nicolae_grassy_gnolls
D:4:      layout_basic, nicolae_qazlal_eye_of_the_storm, lemuel_round_altar,
          minmay_temple_entry_crystal_x, serial_shops, nicolae_shop_statue_plus,
          minmay_box_of_dots

Skill      XL: |  1  2  3  4  5  6 |
---------------+-------------------+-----
Armour         | 1 |  1.4
Short Blades   | 1 |  1.3
Throwing       | 1 |  1.4
Fighting       | 1 |  1.2
Summonings     | 1 |  1.1
Necromancy     | 5 |  5.0
Dodging        | |  2.6
Stealth        | |  2.5
Spellcasting   | |  2.8
Invocations    | |  0.2

Action                     |  1- 3 |  4- 6 || total
---------------------------+-------+-------++-------
  Melee: Short sword       |    40 |    36 ||    76
         Punch             |     1 |       ||     1
  Throw: Boomerang         |    16 |    15 ||    31
   Cast: Necrotise         |    16 |    11 ||    27
         Vampiric Draining |     5 |    10 ||    15
    Use: Potion            |     1 |     1 ||     2
         Scroll            |     5 |     7 ||    12
   Stab: Sleeping          |       |     1 ||     1
 Armour: Robe              |    10 |     9 ||    19
  Dodge: Dodged            |    36 |    48 ||    84
